 Seeded DCSS version 0.30-a0-748-ge6a52f7cba (webtiles) character file.

Game seed: 5430720872467839093 (custom seed)

21644 purpskrrrp the Placeless Troll (level 12, -1/122 (127) HPs)
             Began as a Troll Warper on Feb 8, 2023.
             Was the Champion of Cheibriados.
             Slain by a death scarab (15 damage)
             ... in a Gauntlet.
             The game lasted 00:38:24 (15843 turns).

purpskrrrp the Placeless Troll (Troll Warper)      Turns: 15843, Time: 00:38:24

HP:   -1/122 (127)  AC: 15    Str: 39    XL:     12   Next: 56%
MP:   28/29         EV:  8    Int: 34    God:    Cheibriados [******]
Gold: 779           SH:  0    Dex: 22    Spells: 17/23 levels left

rFire   + . .      SeeInvis .      - Unarmed
rCold   x . .      Faith    +    (no shield)
rNeg    + . .      Spirit   .    K - +0 shadow dragon scales
rPois   +          Reflect  .    (helmet restricted)
rElec   .          Harm     .    (no cloak)
rCorr   +          Rampage  .    (gloves unavailable)
Will    .....      NoTele   +    (boots unavailable)
Stlth   +++                      n - amulet "Wunuog" {Faith Str+4}
HPRegen 1.20/turn                x - +6 ring of intelligence
MPRegen 0.21/turn                X - ring "Tanenk" {Fire rN+ rCorr MP+9 Str-2}

@: slowed, lightly drained, very slow
A: large, unfitting armour, claws 3, regeneration 1, shaggy fur 1, tough skin 1,
clumsy 1, poison resistance
a: Renounce Religion, Bend Time, Temporal Distortion, Slouch, Step From Time


You were in a Gauntlet.
You worshipped Cheibriados.
Cheibriados was exalted by your worship.
You visited 2 branches of the dungeon, and saw 14 of its levels.
You also visited: Gauntlet.

You collected 1626 gold pieces.
You spent 847 gold pieces at shops.

Inventory:

Hand Weapons
 s - the +11 great sword of the Keeping Salmon {flame, rC+}
   (You acquired it on level 2 of the Dungeon)

   rC:        It protects you from cold.
Missiles
 B - 4 large rocks
 Q - 6 boomerangs
Armour
 K - +0 shadow dragon scales (worn)
Jewellery
 a - an amulet of the acrobat
 b - a +4 ring of slaying
 e - an amulet of reflection
 l - a +6 ring of strength
 n - the amulet "Wunuog" (around neck) {Faith Str+4}
   (You acquired it on level 2 of the Dungeon)

   [amulet of faith]

   It allows you to gain divine favour quickly.
   Str:       It affects your strength (+4).
 q - a ring of wizardry
 t - the ring "Omounetz" {rC+ EV+5}
   (You acquired it on level 2 of the Dungeon)

   [ring of evasion]

   EV:        It affects your evasion (+5).
   rC:        It protects you from cold.
 x - a +6 ring of intelligence (left claw)
 J - a +4 ring of slaying
 P - a +6 ring of intelligence
 X - the ring "Tanenk" (right claw) {Fire rN+ rCorr MP+9 Str-2}
   (You bought it in a shop on level 9 of the Dungeon)

   [ring of fire]

   It enhances your fire magic.
   Str:       It affects your strength (-2).
   rF:        It protects you from fire.
   rC:        It makes you vulnerable to cold.
   rN:        It protects you from negative energy.
   MP:        It affects your magic capacity (+9).
   rCorr:     It protects you from acid and corrosion.
Wands
 h - a wand of flame (9)
 O - a wand of polymorph (16)
 R - a wand of paralysis (12)
 W - a wand of digging (7)
Scrolls
 c - 3 scrolls of magic mapping
 d - 2 scrolls of immolation
 g - 2 scrolls of poison {unknown}
 i - a scroll of amnesia
 j - 2 scrolls of enchant weapon
 m - 2 scrolls of brand weapon {unknown}
 o - 5 scrolls of enchant armour
 p - a scroll of fog {unknown}
 w - a scroll of blinking
 y - a scroll of silence {unknown}
 C - a scroll of butterflies {unknown}
Potions
 f - 3 potions of attraction {unknown}
 k - a potion of might {unknown}
 u - a potion of ambrosia {unknown}
 v - 3 potions of lignification
 z - 4 potions of berserk rage
 A - 2 potions of brilliance {unknown}
 D - a potion of magic
 E - 3 potions of resistance
 L - 2 potions of heal wounds {unknown}
 M - 2 potions of flight
 N - a potion of curing
 T - a potion of haste {unknown}
Miscellaneous
 r - a condenser vane


   Skills:
 + Level 10.4 Fighting
 - Level 0.8 Throwing
 + Level 5.3 Armour
 - Level 1.9 Dodging
 + Level 7.8 Unarmed Combat
 + Level 6.3 Spellcasting
 * Level 10.9 Translocations


You had 17 spell levels left.
You knew the following spells:

 Your Spells              Type           Power      Damage    Failure   Level
a - Blink                 Tloc           100%       N/A       1%          2
b - Manifold Assault      Tloc           71%        N/A       1%          4

Your spell library contained the following spells:

 Spells                   Type           Power      Damage    Failure   Level
 Lesser Beckoning         Tloc           100%       N/A       1%          2
 Teleport Other           Tloc           71%        N/A       1%          3
 Vhi's Electric Charge    Tloc/Air       94%        N/A       4%          3
 Kiss of Death            Conj/Necr      40%        2d8       13%         1
 Slow                     Hex            40%        N/A       13%         1
 Sting                    Tmut/Pois      40%        1d5       13%         1
 Cigotuvi's Dreadful Rot  Necr/Pois/Air  20%        N/A       21%         2
 Poisonous Vapours        Pois/Air       20%        N/A       21%         2
 Static Discharge         Conj/Air       20%        2-3/arc   21%         2
 Confusing Touch          Hex            10%        N/A       36%         3
 Inner Flame              Hex/Fire       16%        N/A       36%         3
 Vampiric Draining        Necr           10%        2d6       36%         3
 Dispel Undead            Necr           10%        3d9       78%         4
 Flame Wave               Conj/Fire      16%        2d7       78%         4
 Olgreb's Toxic Radiance  Pois           10%        N/A       78%         4
 Sticky Flame             Conj/Fire      16%        2d4       78%         4
 Arcjolt                  Conj/Air       5%         1d15      98%         5
 Lightning Bolt           Conj/Air       5%         1d17      98%         5
 Death Channel            Necr           5%         N/A       100%        6
 Storm Form               Tmut/Air       5%         N/A       100%        7


Dungeon Overview and Level Annotations

Branches:
Dungeon (13/15)            Temple (1/1) D:4            Lair (0/5) D:11
    Orc (0/2) D:11        Gauntlet (1/1)
 Vaults: D:13-14

Altars:
Ashenzari
Cheibriados
Elyvilon
Fedhas
Gozag
Kikubaaqudgha
Makhleb
Okawaru
Qazlal
Ru
Trog

Shops:
D:2 ?   D:9 *

Annotations:
Gauntlet 15 transporters


Innate Abilities, Weirdness & Mutations

You are too large for most types of armour.
You have claws for hands.
Your natural rate of healing is unusually fast.
You are covered in fur. (AC +1)
You have tough skin. (AC +1)
You are clumsy. (Dex -2)
Your system is resistant to poisons. (rPois)


Message History

The death scarab draws strength from your injuries!
The spectral komodo dragon bites you.
* * * LOW HITPOINT WARNING * * *
You are too injured to fight recklessly!
You are too injured to fight recklessly!
You are too injured to fight recklessly!
You are too injured to fight recklessly!
You are too injured to fight recklessly!
You are too injured to fight recklessly!
You are too injured to fight recklessly!
You are too injured to fight recklessly!
You are too injured to fight recklessly!
You are too injured to fight recklessly!
You are too injured to fight recklessly!
You are too injured to fight recklessly!
You are too injured to fight recklessly!
You are too injured to fight recklessly!
You are too injured to fight recklessly!
You are too injured to fight recklessly!
You are too injured to fight recklessly!
You are too injured to fight recklessly!
Casting: Manifold Assault (mildly dangerous; 1% risk of failure)
Confirm with . or Enter, or press ? or * to list all spells.
You blink.
The death scarab bites you!!
* * * LOW HITPOINT WARNING * * *
The death scarab drains your vigour!
You feel as though you will be slow longer.
The death scarab draws strength from your injuries!
The death scarab bites you but does no damage.
The death scarab barely misses you.
Okay, then.
Blink to where?
Press: ? - help, Dir - move target
Okay, then.
The death scarab bites you.
* * * LOW HITPOINT WARNING * * *
The death scarab draws strength from your injuries!
The death scarab bites you but does no damage.
The death scarab bites you!
You die...

#...# #8# #8# #8# #8#
#.∩.###################
.....................≈#
..©...................###
########.###########..#8#
.......#.#$).......#..###
..†..#.#.#.######..#....#
#...##.#.###....##.#....###
##)##..#.##.####@#.###..#8#
.†©....#.#..#Z©B##.#©#..###
#####..#.#.#.####.##.#..#
#...##.#.#.##....###.#..### ### #
.....#.#.#..######©#.#..#8# #8# #
..©.[..#.#........##.#..#########
####################.#...........
..©.........©#§§8≈§#.#...........
####################.############


You could see a spectral komodo dragon and a death scarab.

Vanquished Creatures
  6 two-headed ogres
  A boulder beetle (D:12)
  A necromancer (Gauntlet)
  An ugly thing (D:11)
  2 cyclopes
  2 manticores
  Joseph (D:8)
  A gargoyle (D:11)
  Psyche (D:8)
  A komodo dragon (D:11)
  3 trolls
  A hornet (D:8)
  3 slime creatures (D:12)
  A wraith (D:9)
  2 shadows
  36 yaks
  A wyvern (D:8)
  A water elemental (D:11)
  The ghost of JumpingJurisdiction the Conjurer, an amateur TeRe (D:4)
  An acid dragon (D:6)
  3 water moccasins
  Duvessa (D:5)
  2 ice beasts
  10 orc warriors
  A sky beast (D:7)
  9 centaurs
  An ogre (D:7)
  4 wolves (Gauntlet)
  2 kobold brigands
  Blork the orc (D:4)
  6 bullfrogs
  6 gnoll sergeants
  3 scorpions
  4 necrophages
  Dowan (D:5)
  5 wights
  5 howler monkeys
  10 electric eels
  A crimson imp (D:7)
  A gnoll bouda (D:6)
  11 orc priests
  4 hounds
  A jelly (D:6)
  3 iguanas
  17 orc wizards
  36 gnolls
  12 adders
  A shadow imp (D:6)
  6 white imps
  An ufetubus (D:4)
  3 worms (D:4)
  A dart slug (D:4)
  47 orcs
  3 bats
  8 endoplasms
  3 giant cockroaches
  4 goblins
  7 hobgoblins
  7 jackals
  12 kobolds
  5 quokkas
  8 ball pythons
  2 frilled lizards
  3 rats
348 creatures vanquished.

Vanquished Creatures (others)
  A wizard (D:8)
  An orc (D:6)
  23 withered plants (Gauntlet)
25 creatures vanquished.

Grand Total: 373 creatures vanquished

Notes
Turn   | Place    | Note
-------+----------+-------------------------------------------
     0 | D:1      | purpskrrrp the Troll Warper began the quest for the Orb.
     0 | D:1      | Reached XP level 1. HP: 19/19 MP: 1/1
   128 | D:1      | Reached XP level 2. HP: 27/27 MP: 3/3
   924 | D:2      | Learned a level 2 spell: Blink
   969 | D:2      | Reached XP level 3. HP: 30/33 MP: 4/4
  1167 | D:2      | Noticed a necrophage
  1177 | D:2      | Killed a necrophage
  1178 | D:2      | Reached XP level 4. HP: 26/41 MP: 4/6
  1463 | D:2      | Found Doddoiw's Magic Scroll Shoppe.
  1552 | D:2      | Identified 4 scrolls of acquirement
  1552 | D:2      | Acquired the +11 great sword of the Keeping Salmon {flame,
                  | rC+}
  1554 | D:2      | Acquired the ring "Omounetz" {rC+ EV+5}
  1555 | D:2      | Acquired the amulet "Wunuog" {Faith Str+4}
  1556 | D:2      | Acquired 870 gold pieces
  1570 | D:2      | Gained mutation: You are clumsy. (Dex -2) [potion of
                  | mutation]
  1570 | D:2      | Gained mutation: Your system is resistant to poisons.
                  | (rPois) [potion of mutation]
  1584 | D:3      | Reached XP level 5. HP: 22/48 MP: 7/7
  1729 | D:3      | Identified the +3 short sword of the Manifold Quests
                  | {flame, rElec Int+5}
  1915 | D:2      | Learned a level 4 spell: Manifold Assault
  1954 | D:3      | Found a faded altar of an unknown god.
  2063 | D:3      | Found an iron altar of Okawaru.
  2126 | D:3      | Identified the +2 robe of Binutifa {rPois Dex+5}
  2336 | D:3      | Reached XP level 6. HP: 39/55 MP: 8/8
  2455 | D:4      | Found a runed translucent door.
  2456 | D:4      | Found a staircase to the Ecumenical Temple.
  2467 | Temple   | Entered the Ecumenical Temple
  2490 | Temple   | Became a worshipper of Cheibriados the Contemplative
  2752 | D:4      | Noticed JumpingJurisdiction's ghost (amateur TeRe)
  2949 | D:4      | Reached * piety under Cheibriados
  3236 | D:4      | Noticed Blork the orc
  3248 | D:4      | Killed Blork the orc
  3249 | D:4      | Reached skill level 5 in Translocations
  3249 | D:4      | Reached XP level 7. HP: 50/65 MP: 10/10
  3600 | D:4      | Reached ** piety under Cheibriados
  3630 | D:4      | Killed JumpingJurisdiction's ghost
  3672 | D:5      | Entered Level 5 of the Dungeon
  3673 | D:5      | Noticed a two-headed ogre
  4088 | D:5      | Reached XP level 8. HP: 76/78 MP: 10/12
  4144 | D:5      | Killed a two-headed ogre
  4145 | D:5      | Reached skill level 5 in Fighting
  4424 | D:5      | Noticed Dowan
  4424 | D:5      | Noticed Duvessa
  4429 | D:5      | Killed Dowan
  4441 | D:5      | Killed Duvessa
  4787 | D:6      | Reached XP level 9. HP: 69/88 MP: 14/14
  4884 | D:6      | Noticed a two-headed ogre
  4888 | D:6      | HP: 3/88 [two-headed ogre/+0 giant spiked club (18)]
  4889 | D:6      | HP: 1/88 [shadow imp/nerve-wracking pain (10)]
  4890 | D:6      | Found a broken altar of Ashenzari.
  4988 | D:6      | Reached *** piety under Cheibriados
  5006 | D:6      | Found a white marble altar of Elyvilon.
  5006 | D:6      | Found an ancient bone altar of Kikubaaqudgha.
  5010 | D:6      | Found a blossoming altar of Fedhas.
  5010 | D:6      | Found a burning altar of Makhleb.
  5170 | D:6      | Found an opulent altar of Gozag.
  5378 | D:6      | Killed a two-headed ogre
  5624 | D:6      | Reached **** piety under Cheibriados
  6581 | D:7      | Reached ***** piety under Cheibriados
  6582 | D:7      | Reached XP level 10. HP: 99/102 MP: 4/16
  6585 | D:7      | Reached skill level 1 in Armour
  7304 | D:8      | Noticed Psyche
  7319 | D:8      | Killed Psyche
  7346 | D:8      | Reached skill level 5 in Unarmed Combat
  7419 | D:8      | Reached skill level 5 in Spellcasting
  7633 | D:8      | Found a bloodstained altar of Trog.
  7808 | D:8      | Noticed Joseph
  7827 | D:8      | Killed Joseph
  8326 | D:8      | Noticed a wizard
  8331 | D:8      | Killed a wizard
  9206 | D:9      | Reached XP level 11. HP: 63/105 MP: 3/17
  9640 | D:9      | Reached ****** piety under Cheibriados
 10373 | D:9      | Found a stormy altar of Qazlal.
 10611 | D:9      | Found Ysacrel's Fire Supplies.
 10620 | D:9      | Bought the ring "Tanenk" {Fire rN+ rCorr MP+9 Str-2} for
                  | 847 gold pieces
 10898 | D:10     | Entered Level 10 of the Dungeon
 11128 | D:10     | Noticed a two-headed ogre
 11135 | D:10     | Killed a two-headed ogre
 11422 | D:10     | Noticed a two-headed ogre
 11435 | D:10     | Killed a two-headed ogre
 11727 | D:10     | Reached skill level 10 in Translocations
 12227 | D:11     | Noticed a red ugly thing
 12243 | D:11     | Killed a red ugly thing
 12470 | D:11     | Found a staircase to the Lair.
 13063 | D:11     | Reached XP level 12. HP: 115/126 MP: 4/19
 13628 | D:11     | Found a staircase to the Orcish Mines.
 13767 | D:11     | Reached skill level 10 in Fighting
 14166 | D:12     | Noticed a two-headed ogre
 14171 | D:12     | Killed a two-headed ogre
 14541 | D:12     | Reached skill level 5 in Armour
 14541 | D:12     | Noticed a boulder beetle
 14552 | D:12     | Killed a boulder beetle
 14679 | D:12     | Noticed a two-headed ogre
 14683 | D:12     | Killed a two-headed ogre
 15261 | D:13     | Found a gate leading to a gauntlet.
 15270 | Gauntlet | Entered a Gauntlet
 15270 | Gauntlet | Found a transporter.
 15276 | Gauntlet | Noticed a death scarab
 15289 | Gauntlet | Found a transporter.
 15294 | Gauntlet | Found a transporter.
 15299 | Gauntlet | Found a transporter.
 15314 | Gauntlet | Found a transporter.
 15333 | Gauntlet | Found a transporter.
 15342 | Gauntlet | Noticed a death yak
 15345 | Gauntlet | Found a transporter.
 15348 | Gauntlet | Noticed a death yak
 15348 | Gauntlet | Noticed a death yak
 15357 | Gauntlet | Found a transporter.
 15369 | Gauntlet | Found a transporter.
 15381 | Gauntlet | Found a transporter.
 15387 | Gauntlet | Found a transporter.
 15387 | Gauntlet | Found a transporter.
 15426 | Gauntlet | Found a transporter.
 15453 | Gauntlet | Found a transporter.
 15473 | Gauntlet | Found a transporter.
 15551 | Gauntlet | Found a transporter.
 15571 | Gauntlet | Found a transporter.
 15676 | Gauntlet | Found a transporter.
 15843 | Gauntlet | Slain by a death scarab

Illustrated notes

Levels and vault maps discovered:
D:1:      dpeg_arrival_boxes_within_box, layout_basic
D:2:      layout_loops_ring, serial_shops, shop, nicolae_kite_square_tiling_tiny
D:3:      layout_rooms, okawaru_metal_pillars_3, ebering_ecumenical_altar_rust
D:4:      layout_basic, minmay_temple_entry_overgrown, ebering_ghost_sewer_d,
          minmay_manual_monstrance, uniq_blork_the_orc
D:5:      layout_basic, uniq_duvessa
D:6:      layout_gridville, mainiacjoe_overflow_tiny_flanked,
          grunt_temple_overflow_open, cheibrodos_ashenzari_chains, minivault_5,
          minmay_pentangle
D:7:      layout_cave_pools, minmay_fire_ice_demons
D:8:      layout_basic, trog_wizard, chequers_serial_rivers_marsh, uniq_psyche,
          uniq_joseph
D:9:      minmay_ornate_pinched, layout_basic, general_overflow_altar,
          roderic_serpentine_path, nicolae_shop_fire_sale
          [nicolae_sub_dead_trees], minmay_crystal_water, grunt_ministairs_1
D:10:     layout_cave_pools, dk_noncrumbling_3
D:11:     layout_cave_pools, lair_entry_dummy, erik_orc_2
D:12:     layout_rooms, minivault_10
D:13:     layout_big_octagon, ximxim_vaults_locker_room, gauntlet_entry_generic,
          serial_shops, shop, kennysheep_doodads, uniq_snorg, uniq_nessos
Temple:   oiseaux_autumnal_temple
Gauntlet: gammafunk_gauntlet_one_two_three [gammafunk_gauntlet_arena_split_x,
          gammafunk_gauntlet_arena_spirals, nicolae_gauntlet_arena_x,
          gammafunk_gauntlet_arena_grid, gammafunk_gauntlet_arena_crates,
          gammafunk_gauntlet_arena_hedges, nicolae_gauntlet_arena_blocks,
          gammafunk_gauntlet_arena_split_diamond,
          nicolae_gauntlet_arena_quarters, gauntlet_exit_hidden_loot]

Skill      XL: |  1  2  3  4  5  6  7  8  9 10 11 12 |
---------------+-------------------------------------+-----
Translocations | 3 4 5 6 7 8 9 10 | 10.9
Spellcasting   | 2 3 4 5 6 |  6.3
Fighting       | 2 3 5 7 8 9 10 | 10.4
Unarmed Combat | 4 5 7 |  7.8
Armour         | 3 4 5 |  5.3
Throwing       | |  0.8
Dodging        | |  1.9

Action                     |  1- 3 |  4- 6 |  7- 9 | 10-12 || total
---------------------------+-------+-------+-------+-------++-------
  Melee: Unarmed           |   106 |   246 |   328 |   646 ||  1326
         Punch             |     1 |     2 |     9 |    26 ||    38
  Throw: Boomerang         |       |     5 |     2 |     7 ||    14
   Cast: Blink             |       |     3 |    12 |     3 ||    18
         Manifold Assault  |       |       |    18 |   225 ||   243
  Evoke: Wand              |       |     1 |    22 |    13 ||    36
    Use: Scroll            |       |     4 |    13 |    11 ||    28
         Potion            |       |     3 |     5 |     1 ||     9
   Stab: Sleeping          |       |       |     1 |     1 ||     2
 Armour: Robe              |    53 |    84 |    58 |       ||   195
         Skin              |       |       |    18 |       ||    18
         Shadow dragon sca |       |       |     9 |   223 ||   232
  Dodge: Dodged            |    65 |   177 |   220 |   209 ||   671

Table legend: (Time is in decaauts)
 A = Elapsed time spent in this place.
 B = Non-inter-level travel time spent in this place.
 C = Inter-level travel time spent in this place.
 D = Time resting spent in this place.
 E = Time spent auto-exploring this place.
 F = Levels seen in this place.
 G = Mean time per level.
                   A        B        C        D        E       F      G
               +--------+--------+--------+--------+--------+-----+--------+
         Total |  20493 |  19686 |    807 |   2093 |  14391 |  15 | 1366.2 |
       Dungeon |  19401 |  18594 |    807 |   2093 |  13720 |  13 | 1492.4 |
        Temple |     47 |     47 |      0 |      0 |      0 |   1 |   47.0 |
      Gauntlet |   1043 |   1043 |      0 |      0 |    671 |   1 | 1043.0 |
               +--------+--------+--------+--------+--------+-----+--------+

Top non-repeatable levels by time:
     D:9: 3151 daAuts
    D:11: 2414 daAuts
     D:8: 2110 daAuts
     D:6: 1958 daAuts
    D:12: 1672 daAuts
     D:4: 1532 daAuts
    D:10: 1445 daAuts
     D:7: 1364 daAuts
     D:5: 1152 daAuts
Gauntlet: 1043 daAuts
     D:1: 901 daAuts
     D:3: 893 daAuts
     D:2: 751 daAuts
    D:13: 53 daAuts
  Temple: 47 daAuts
